Match 46798446
Unlisted

Match 46798446
End
Panzerpioneer Squad
250 Light Carrier
250 Light Carrier
Construct Light Support Kompanie
Assault Grenadier Squad
Selects Panzerjäger Kommand Battlegroup
Selects GrB 39 Grenade Launcher Requisition
Selects Mine Fields
Assault Grenadier Squad
2.5-tonne Medical Truck
Panzerjäger Mechanized Group
Combat Half-tracks
Construct Mechanized Kompanie
Selects Crew Shock Tactics
8 Rad Armored Car
Veteran Squad Leaders
Selects Early Warning
Marder III Tank Destroyer
Crew Shock Tactics
Construct Panzerarmee Kommand
Vehicle Survival Package
Marder III Tank Destroyer
Selects Butterfly Bomb Drop
Butterfly Bomb Drop
Crew Shock Tactics
ㅁㅁㅁㅁㅁ
Smash
Lonewolf42
Boneless
Arwootarch
BazookaJoe
0
0

Comments sign in to comment!

No comments posted yet!